 Dungeon Crawl Stone Soup version 0.25.1-2-g60ff931 (webtiles) character file.

Game seed: 13885775912227149936

62 curiousnu the Chopper (level 3, -2/27 HPs)
             Began as a Demonspawn Gladiator on Sept 14, 2020.
             Slain by a goblin
             ... wielding a +0 whip
              (4 damage)
             ... on level 2 of the Dungeon.
             The game lasted 00:04:12 (1227 turns).

curiousnu the Chopper (Demonspawn Gladiator)        Turns: 1227, Time: 00:04:13

Health: -2/27      AC:  6    Str: 15    XL:     3   Next: 85%
Magic:  3/3        EV: 12    Int:  9    God:
Gold:   66         SH:  5    Dex: 14    Spells: 2/2 levels left

rFire    . . .     SeeInvis .   a - +0 war axe
rCold    . . .     Gourm    .   k - +2 buckler
rNeg     . . .     Faith    .   b - +0 leather armour
rPois    .         Spirit   .   c - +0 helmet
rElec    .         Reflect  .   (no cloak)
rCorr    .         Harm     .   (no gloves)
MR       .....                  (no boots)
Stlth    +.........             (no amulet)
HPRegen  0.09/turn              (no ring)
MPRegen  0.08/turn              (no ring)

@: lethally poisoned (-2 -> -7)
A: icy blue scales 1
a: no special abilities


You were on level 2 of the Dungeon.
You were not hungry.

You visited 1 branch of the dungeon, and saw 2 of its levels.

You collected 66 gold pieces.

Inventory:

Hand Weapons
 a - a +0 war axe (weapon)
Missiles
 d - 3 throwing nets (quivered)
Armour
 b - a +0 leather armour (worn)
 c - a +0 helmet (worn)
 k - a +2 buckler (worn)
 l - a +1 chain mail of fire resistance
Scrolls
 e - a scroll of fog {unknown}
 g - 3 scrolls of teleportation {unknown}
 h - a scroll of identify {unknown}
Potions
 i - a potion of brilliance {unknown}
Comestibles
 f - 4 rations
 j - 2 chunks of flesh


   Skills:
 + Level 2.2 Fighting
 + Level 3.9 Axes
 - Level 1.7 Throwing
 - Level 0.1 Armour
 - Level 3.0 Dodging
 * Level 0.4 Shields


You had 2 spell levels left.
You didn't know any spells.
Your spell library was empty.

Dungeon Overview and Level Annotations

Branches:
Dungeon (2/15)

Altars:


Innate Abilities, Weirdness & Mutations

You are partially covered in icy blue scales. (AC +2)


Message History

You closely miss the adder.
The adder is almost dead.
You hit the goblin.
* * * LOW HITPOINT WARNING * * *
You feel sick. You block the adder's attack. The goblin misses you.
The adder completely misses you.
The hobgoblin shouts!
You hit the adder.
You kill the adder!
You barely miss the goblin.
* * * LOW HITPOINT WARNING * * *
You feel sick. The goblin barely misses you.
You barely miss the goblin.
The goblin is heavily wounded.
* * * LOW HITPOINT WARNING * * *
You feel sick. The goblin hits you with a +0 whip.
* * * LOW HITPOINT WARNING * * *
A kobold comes into view.
The goblin hits you with a +0 whip.
You die...

##...............#
..........<.....##
..................
...........#.....
. ..#.....###.....
...#.#....# ....
#._.#...# ...
...#K#....# ... #
..#..@..#
......g).......
###.....###.#..
......... ...
..$g....# ###
#.......#
........#
......#..


You could see a hobgoblin, a goblin and a kobold (wandering).

Vanquished Creatures
  An adder (D:2)
  A worm (D:2)
  4 dart slugs (D:1)
  2 leopard geckos (D:1)
  A ball python (D:1)
  A giant cockroach (D:1)
  8 goblins
  4 hobgoblins (D:1)
  7 bats
  2 frilled lizards
  4 kobolds
  3 rats (D:1)
38 creatures vanquished.

Notes
Turn   | Place    | Note
-------+----------+-------------------------------------------
     0 | D:1      | curiousnu the Demonspawn Gladiator began the quest for the
                  | Orb.
     0 | D:1      | Reached XP level 1. HP: 16/16 MP: 1/1
   370 | D:1      | Gained mutation: You are partially covered in icy blue
                  | scales. (AC +2) [demonic ancestry]
   370 | D:1      | Reached XP level 2. HP: 22/22 MP: 2/2
   638 | D:1      | Reached XP level 3. HP: 27/27 MP: 3/3
  1196 | D:2      | Found a faded altar of an unknown god.
  1227 | D:2      | Slain by a goblin

Illustrated notes

Levels and vault maps discovered:
D:1:      lemuel_arrival_behind_the_door_small, layout_basic,
          ebering_dispersal_statue_hall, st_stairs_13, minmay_cut_off
D:2:      layout_rooms, chequers_ecumenical_altar_simple_redux,
          uniq_crazy_yiuf_cottage

Skill      XL: |  1  2 |
---------------+-------+-----
Axes           | 3 |  3.9
Dodging        | 3 |  3.0
Fighting       | |  2.2
Throwing       | |  1.7
Armour         | |  0.1
Shields        | |  0.4

Action                   || total
-------------------------++-------
Melee: War axe           ||    96
 Stab: Sleeping          ||     1
  Eat: Chunk             ||     1
Armor: Leather armour    ||    29
Dodge: Dodged            ||    72
Block: Buckler           ||    15
